 Dungeon Crawl Stone Soup version 0.31-a0-175-g9f7f995f2b (webtiles) character file.

Game seed: 241508861336823706

5583 qw the Skirmisher (level 10, -14/96 HPs)
             Began as a Naga Hunter on June 17, 2023.
             Was a Priest of Okawaru.
             Killed from afar by a rakshasa (30 damage)
             ... with a lance of force
             ... on level 9 of the Dungeon.
             The game lasted 00:02:47 (6601 turns).

qw the Skirmisher (Naga Hunter)                     Turns: 6601, Time: 00:02:48

Health: -14/96     AC: 14    Str: 14 (17) XL:     10   Next: 72%
Magic:  11/13      EV: 15    Int:  9      God:    Okawaru [***...]
Gold:   549        SH:  0    Dex: 19      Spells: 9/9 levels left

rFire   . . .        i - +2 shortbow (heavy)
rCold   + . .        (shield currently unavailable)
rNeg    + . .        o - +2 leather armour of the Dragon {rCorr Str+3 Stlth+}
rPois   +            r - +0 helmet
rElec   .            p - +1 cloak
rCorr   +            m - +2 pair of gloves
SInv    +            (no barding)
Will    +....        f - amulet of faith
Stlth   ++++         q - ring of protection from cold
HPRegen 0.36/turn    t - ring of positive energy
MPRegen 0.13/turn

%: faith
@: about to teleport, heroic, very slow
A: AC +3, large, see invisible, deformed body, poison resistance, slowness 2,
spit poison 1, naga tail 1
a: Spit Poison, Renounce Religion, Heroism


You were on level 9 of the Dungeon.
You worshipped Okawaru.
Okawaru was most pleased with you.
You visited 2 branches of the dungeon, and saw 10 of its levels.
You also visited: Sewer.

You collected 549 gold pieces.


Innate Abilities, Weirdness & Mutations

Your serpentine skin is tough. (AC +3)
You have supernaturally acute eyesight. (SInv)
Armour fits poorly on your strangely shaped body.
Your system is resistant to poisons. (rPois)
You cover ground very slowly.
You can spit poison.
You have a snake-like lower body.


   Skills:
 - Level 8.0(13.0) Fighting
 + Level 11.2(16.2) Ranged Weapons
 - Level 2.4(7.4) Armour
 - Level 4.5(9.5) Dodging
 - Level 1.5(6.5) Stealth
 - Level 4.3 Invocations


You had 9 spell levels left.
You didn't know any spells.
Your spell library was empty.

Inventory:

Hand Weapons
 i - a +2 heavy shortbow (weapon)
Armour
 m - a +2 pair of gloves (worn)
 n - the +1 robe of Syndicalism {Dex+3 SInv}
   (You found it on level 6 of the Dungeon)

   Dex:       It affects your dexterity (+3).
   SInv:      It lets you see invisible.
 o - the +2 leather armour of the Dragon (worn) {rCorr Str+3 Stlth+}
   (You found it on level 3 of the Dungeon)

   Str:       It affects your strength (+3).
   rCorr:     It protects you from acid and corrosion.
   Stlth:     It makes you more stealthy.
 p - a +1 cloak (worn)
 r - a +0 helmet (worn)
Jewellery
 f - an amulet of faith (around neck)
 q - a ring of protection from cold (left hand)
 t - a ring of positive energy (right hand)
Scrolls
 a - a scroll of identify
 g - 14 scrolls of teleportation
Potions
 c - a potion of might
 d - 2 potions of resistance
 e - 2 potions of cancellation
 h - 2 potions of haste
 j - a potion of curing {unknown}
 k - a potion of magic {unknown}
 l - a potion of mutation {unknown}
 u - a potion of brilliance {unknown}

Dungeon Overview and Level Annotations

Branches:
Dungeon (9/15)             Temple (1/1) D:5           Sewer (visited)
   Lair: D:8-11         Orc: D:9-12

Altars:
Ashenzari
Cheibriados
Dithmenos
Elyvilon
Fedhas
Gozag
Hepliaklqana
Kikubaaqudgha
Makhleb
Nemelex Xobeh
Okawaru
Qazlal
Ru
Sif Muna
Trog
Uskayaw
Vehumet
Wu Jian
Xom
Yredelemnul
Zin
The Shining One

Shops:
D:1 [

Annotations:
D:9 exclusion: rakshasa


Message History

The rakshasa hits you from afar with a +0 trident!
You shoot an arrow. The arrow closely misses the rakshasa.
The rakshasa gestures at you. The lance of force hits you!!
You are knocked back by the lance of force.
You slam into the rock wall!
Enter note:
Enter note:
Enter note:
Enter note:
Enter note:
Enter note:
Enter note:
Enter note:
Enter note:
Enter note:
Enter note:
Enter note: The rakshasa hits you with a +0 trident!
Enter note:
Enter note:
Enter note:
Enter note:
Enter note:
Enter note:
Enter note:
Enter note:
Enter note:
Enter note:
Enter note:
Enter note:
6600 ||| READING 15 scrolls of teleportation.
As you read the scroll of teleportation, it crumbles to dust.
You feel strangely unstable.
The rakshasa hits you but does no damage.
You shoot an arrow. The arrow barely misses the rakshasa.
The rakshasa closely misses you. The rakshasa gestures at you.
The lance of force hits you!!
You die...

#######
############.....#
.........[...###@#
###)########## #R#
#)# #.# #.# #.# ##
##.# #.# #.. ..
... #)# ...
#.###.. ###.# ...
#... .. .##.#
###:# #..# #.
.##.# #.#
####.##.# #..###.


You could see a rakshasa.

Vanquished Creatures
  A two-headed ogre (D:9)
  A hornet (D:9)
  A shadow (D:8)
  9 yaks
  3 water moccasins
  An orc warrior (D:9)
  2 ice beasts
  A sky beast (D:7)
  A black bear (D:8)
  A phantom (D:4)
  2 centaurs
  2 ogres (D:7)
  2 kobold brigands
  Blork the orc (D:6)
  2 scorpions (D:4)
  6 bullfrogs
  5 wights (D:8)
  3 killer bees (D:5)
  2 howler monkeys (D:9)
  4 hounds
  A jelly (D:5)
  4 orc priests
  3 sleepcaps
  Jessica (D:2)
  Natasha (D:3)
  6 iguanas
  5 orc wizards
  A hell rat (Sewer)
  6 gnolls
  12 adders
  4 river rats
  A white imp (D:7)
  5 ufetubi
  3 worms (D:4)
  2 dart slugs
  20 orcs
  10 bats
  3 endoplasms
  4 giant cockroaches
  5 hobgoblins
  4 jackals (D:4)
  3 quokkas
  6 ball pythons
  3 frilled lizards
  12 goblins
  16 kobolds
  15 rats
206 creatures vanquished.

Notes
Turn   | Place    | Note
-------+----------+-------------------------------------------
     0 | D:1      | qw the Naga Hunter began the quest for the Orb.
     0 | D:1      | Reached XP level 1. HP: 19/19 MP: 1/1
     0 | D:1      | 0 ||| qw: Version: 0.3-a-2-g5ab2908
     0 | D:1      | 0 ||| qw: Game counter: 236
     0 | D:1      | 0 ||| qw: Always use a shield: true
     0 | D:1      | 0 ||| qw: God list: Okawaru
     0 | D:1      | 0 ||| qw: Allow faded altars: false
     0 | D:1      | 0 ||| qw: Do Orc after D:15 true
     0 | D:1      | 0 ||| qw: Do second Lair branch before Depths: true
     0 | D:1      | 0 ||| qw: Lair rune preference: random
     0 | D:1      | 0 ||| qw: Plans: Normal
     0 | D:1      | 0 ||| PLANNING D:1-11
    26 | D:1      | 26 ||| INVOKING Spit Poison.
    57 | D:1      | 57 ||| INVOKING Spit Poison.
    64 | D:1      | 64 ||| INVOKING Spit Poison.
   106 | D:1      | 106 ||| INVOKING Spit Poison.
   110 | D:1      | 110 ||| INVOKING Spit Poison.
   145 | D:1      | 145 ||| INVOKING Spit Poison.
   183 | D:1      | 183 ||| INVOKING Spit Poison.
   186 | D:1      | Reached skill level 4 in Ranged Weapons
   186 | D:1      | Reached XP level 2. HP: 25/26 MP: 2/2
   212 | D:1      | 212 ||| INVOKING Spit Poison.
   241 | D:1      | 241 ||| INVOKING Spit Poison.
   275 | D:1      | 275 ||| INVOKING Spit Poison.
   281 | D:1      | 281 ||| INVOKING Spit Poison.
   286 | D:1      | 286 ||| INVOKING Spit Poison.
   323 | D:1      | 323 ||| INVOKING Spit Poison.
   329 | D:1      | 329 ||| INVOKING Spit Poison.
   336 | D:1      | 336 ||| INVOKING Spit Poison.
   356 | D:1      | 356 ||| INVOKING Spit Poison.
   364 | D:1      | 364 ||| INVOKING Spit Poison.
   383 | D:1      | 383 ||| INVOKING Spit Poison.
   423 | D:1      | 423 ||| INVOKING Spit Poison.
   424 | D:1      | Reached XP level 3. HP: 32/32 MP: 3/3
   466 | D:1      | Found Ymapur's Armour Shop.
   475 | D:1      | 475 ||| SHOPLISTING +2 ring mail of cold resistance (210
                  | gold, have 48).
   519 | D:1      | 519 ||| INVOKING Spit Poison.
   556 | D:1      | 556 ||| UPGRADING to +0 pair of gloves.
   561 | D:1      | 561 ||| UPGRADING to +0 cloak.
   566 | D:1      | 566 ||| READING 2 scrolls labelled XIDWACZEAGO.
   567 | D:1      | 567 ||| READING scroll labelled FYWKUNWO UMAL.
   568 | D:1      | 568 ||| READING 3 scrolls labelled FEMYIN HEP BEF.
   573 | D:1      | 573 ||| READING scroll labelled RINAUBB OPRYJ.
   574 | D:1      | 574 ||| READING scroll labelled TETWYKHLUOT.
   575 | D:1      | 575 ||| DROPPING scroll of butterflies.
   614 | D:2      | 614 ||| INVOKING Spit Poison.
   666 | D:2      | 666 ||| INVOKING Spit Poison.
   677 | D:2      | 677 ||| INVOKING Spit Poison.
   714 | D:2      | 714 ||| INVOKING Spit Poison.
   717 | D:2      | 717 ||| INVOKING Spit Poison.
   740 | D:2      | 740 ||| INVOKING Spit Poison.
   858 | D:2      | 858 ||| INVOKING Spit Poison.
   874 | D:2      | 874 ||| INVOKING Spit Poison.
   922 | D:2      | Noticed Jessica
   923 | D:2      | Killed Jessica
   924 | D:2      | Reached skill level 5 in Ranged Weapons
   924 | D:2      | Reached XP level 4. HP: 39/39 MP: 4/4
   967 | D:2      | 967 ||| INVOKING Spit Poison.
  1097 | D:2      | 1097 ||| INVOKING Spit Poison.
  1126 | D:2      | 1126 ||| INVOKING Spit Poison.
  1129 | D:2      | 1129 ||| INVOKING Spit Poison.
  1133 | D:2      | 1133 ||| INVOKING Spit Poison.
  1181 | D:2      | 1181 ||| READING 3 scrolls labelled LEFAMNA ZAASAU.
  1182 | D:2      | 1182 ||| READING 2 scrolls of enchant armour.
  1182 | D:2      | 1182 ||| ENCHANTING +0 pair of gloves.
  1183 | D:2      | 1183 ||| READING scroll of enchant armour.
  1183 | D:2      | 1183 ||| ENCHANTING +1 pair of gloves.
  1184 | D:2      | 1184 ||| READING scroll labelled ICKEHO ONAI.
  1185 | D:2      | 1185 ||| READING scroll labelled POTOETAS KIH.
  1186 | D:2      | 1186 ||| DRINKING 2 viscous emerald potions.
  1291 | D:2      | 1291 ||| READING 2 scrolls of identify.
  1291 | D:2      | 1291 ||| IDENTIFYING fuming dark potion
  1292 | D:2      | 1292 ||| DROPPING potion of berserk rage.
  1464 | D:3      | 1464 ||| INVOKING Spit Poison.
  1468 | D:3      | 1468 ||| INVOKING Spit Poison.
  1501 | D:3      | 1501 ||| INVOKING Spit Poison.
  1523 | D:3      | 1523 ||| INVOKING Spit Poison.
  1551 | D:3      | 1551 ||| INVOKING Spit Poison.
  1584 | D:3      | 1584 ||| INVOKING Spit Poison.
  1587 | D:3      | 1587 ||| INVOKING Spit Poison.
  1609 | D:3      | 1609 ||| INVOKING Spit Poison.
  1660 | D:3      | Identified the +2 leather armour of the Dragon {rCorr Str+3
                  | Stlth+}
  1666 | D:3      | 1666 ||| INVOKING Spit Poison.
  1931 | D:3      | Noticed Natasha
  1933 | D:3      | 1933 ||| INVOKING Spit Poison.
  1938 | D:3      | Killed Natasha
  1939 | D:3      | Reached skill level 3 in Fighting
  1939 | D:3      | Reached XP level 5. HP: 49/49 MP: 5/5
  1939 | D:3      | 1939 ||| INVOKING Spit Poison.
  1991 | D:3      | 1991 ||| INVOKING Spit Poison.
  1997 | D:3      | 1997 ||| INVOKING Spit Poison.
  2000 | D:3      | 2000 ||| INVOKING Spit Poison.
  2004 | D:3      | 2004 ||| INVOKING Spit Poison.
  2007 | D:3      | 2007 ||| INVOKING Spit Poison.
  2074 | D:3      | 2074 ||| UPGRADING to +2 leather armour of the Dragon
                  | {rCorr Str+3 Stlth+}.
  2084 | D:3      | 2084 ||| DROPPING +0 leather armour.
  2085 | D:3      | 2085 ||| UPGRADING to amulet of faith.
  2090 | D:3      | 2090 ||| READING scroll labelled TIMUIL QIESEO.
  2091 | D:3      | 2091 ||| READING 2 scrolls labelled VUN RIRCHEGICUPY.
  2092 | D:3      | 2092 ||| READING scroll of enchant weapon.
  2092 | D:3      | 2092 ||| ENCHANTING +0 heavy shortbow.
  2093 | D:3      | 2093 ||| READING 2 scrolls of identify.
  2093 | D:3      | 2093 ||| IDENTIFYING blue potion
  2094 | D:3      | 2094 ||| DROPPING potion of invisibility.
  2131 | D:4      | 2131 ||| PLANNING SEWER
  2132 | D:4      | 2132 ||| INVOKING Spit Poison.
  2179 | D:4      | 2179 ||| INVOKING Spit Poison.
  2179 | D:4      | Noticed a phantom
  2185 | D:4      | 2185 ||| INVOKING Spit Poison.
  2189 | D:4      | 2189 ||| INVOKING Spit Poison.
  2190 | D:4      | Killed a phantom
  2191 | D:4      | Reached skill level 6 in Ranged Weapons
  2191 | D:4      | Reached XP level 6. HP: 38/56 MP: 6/6
  2321 | D:4      | 2321 ||| INVOKING Spit Poison.
  2325 | D:4      | 2325 ||| INVOKING Spit Poison.
  2331 | D:4      | 2331 ||| INVOKING Spit Poison.
  2345 | D:4      | 2345 ||| INVOKING Spit Poison.
  2348 | D:4      | 2348 ||| INVOKING Spit Poison.
  2352 | D:4      | 2352 ||| INVOKING Spit Poison.
  2355 | D:4      | 2355 ||| INVOKING Spit Poison.
  2367 | D:4      | Noticed a water moccasin
  2371 | D:4      | Killed a water moccasin
  2372 | D:4      | Reached XP level 7. HP: 66/66 MP: 7/7
  2382 | D:4      | 2382 ||| INVOKING Spit Poison.
  2419 | D:4      | 2419 ||| INVOKING Spit Poison.
  2424 | D:4      | 2424 ||| INVOKING Spit Poison.
  2432 | D:4      | Found a glowing drain.
  2433 | D:4      | 2433 ||| INVOKING Spit Poison.
  2435 | D:4      | 2435 ||| READING scroll labelled LAXOG GULUXTU.
  2436 | D:4      | 2436 ||| READING scroll labelled DIBLUM ASTOIKK.
  2437 | D:4      | 2437 ||| READING 3 scrolls of identify.
  2437 | D:4      | 2437 ||| IDENTIFYING emerald potion
  2438 | D:4      | 2438 ||| READING 2 scrolls of identify.
  2438 | D:4      | 2438 ||| IDENTIFYING metallic sapphire potion
  2439 | D:4      | 2439 ||| DROPPING potion of attraction.
  2440 | D:4      | 2440 ||| DROPPING potion of lignification.
  2448 | Sewer    | Entered a sewer
  2449 | Sewer    | 2449 ||| INVOKING Spit Poison.
  2454 | Sewer    | 2454 ||| INVOKING Spit Poison.
  2465 | Sewer    | 2465 ||| INVOKING Spit Poison.
  2471 | Sewer    | 2471 ||| INVOKING Spit Poison.
  2482 | Sewer    | 2482 ||| INVOKING Spit Poison.
  2515 | Sewer    | 2515 ||| READING scroll labelled MUSHRO FUUFYOGO.
  2516 | Sewer    | 2516 ||| DRINKING 2 black potions.
  2527 | D:4      | 2527 ||| PLANNING D:1-11
  2556 | D:4      | 2556 ||| INVOKING Spit Poison.
  2590 | D:4      | 2590 ||| INVOKING Spit Poison.
  2696 | D:4      | 2696 ||| INVOKING Spit Poison.
  2708 | D:4      | 2708 ||| INVOKING Spit Poison.
  2711 | D:4      | 2711 ||| INVOKING Spit Poison.
  2712 | D:4      | Reached skill level 7 in Ranged Weapons
  2722 | D:4      | 2722 ||| DRINKING 2 purple potions.
  2723 | D:4      | 2723 ||| READING 3 scrolls of identify.
  2723 | D:4      | 2723 ||| IDENTIFYING brown potion
  2724 | D:4      | 2724 ||| READING 2 scrolls of identify.
  2724 | D:4      | 2724 ||| IDENTIFYING dark potion
  2742 | D:5      | Entered Level 5 of the Dungeon
  2803 | D:5      | Found a staircase to the Ecumenical Temple.
  2804 | D:5      | 2804 ||| PLANNING TEMPLE
  2808 | D:5      | 2808 ||| INVOKING Spit Poison.
  2811 | D:5      | 2811 ||| INVOKING Spit Poison.
  2814 | D:5      | Reached skill level 1 in Armour
  2816 | D:5      | 2816 ||| INVOKING Spit Poison.
  2821 | D:5      | 2821 ||| INVOKING Spit Poison.
  2824 | D:5      | 2824 ||| INVOKING Spit Poison.
  2834 | Temple   | Entered the Ecumenical Temple
  2866 | Temple   | 2866 ||| PLANNING OKAWARU WORSHIP
  2981 | Temple   | Became a worshipper of Warmaster Okawaru
  2982 | Temple   | 2982 ||| PLANNING D:1-11
  3014 | D:5      | 3014 ||| INVOKING Spit Poison.
  3070 | D:5      | 3070 ||| INVOKING Spit Poison.
  3099 | D:5      | 3099 ||| INVOKING Spit Poison.
  3105 | D:5      | 3105 ||| INVOKING Spit Poison.
  3110 | D:5      | 3110 ||| INVOKING Spit Poison.
  3128 | D:5      | 3128 ||| INVOKING Spit Poison.
  3131 | D:5      | 3131 ||| INVOKING Spit Poison.
  3135 | D:5      | 3135 ||| INVOKING Spit Poison.
  3138 | D:5      | Reached XP level 8. HP: 67/73 MP: 8/8
  3138 | D:5      | 3138 ||| INVOKING Spit Poison.
  3159 | D:5      | 3159 ||| INVOKING Spit Poison.
  3163 | D:5      | 3163 ||| INVOKING Spit Poison.
  3168 | D:5      | 3168 ||| INVOKING Spit Poison.
  3171 | D:5      | 3171 ||| INVOKING Spit Poison.
  3248 | D:5      | Found a stormy altar of Qazlal.
  3249 | D:5      | Found a burning altar of Makhleb.
  3540 | D:5      | 3540 ||| INVOKING Spit Poison.
  3544 | D:5      | 3544 ||| INVOKING Spit Poison.
  3545 | D:5      | Reached * piety under Okawaru
  3546 | D:5      | Reached skill level 8 in Ranged Weapons
  3546 | D:5      | 3546 ||| INVOKING Heroism.
  3549 | D:5      | 3549 ||| INVOKING Spit Poison.
  3657 | D:5      | Found an opulent altar of Gozag.
  3657 | D:5      | Found a radiant altar of Vehumet.
  3675 | D:5      | 3675 ||| UPGRADING to +1 cloak.
  3685 | D:5      | 3685 ||| DROPPING +0 cloak.
  3712 | D:6      | 3712 ||| INVOKING Spit Poison.
  3715 | D:6      | 3715 ||| INVOKING Spit Poison.
  3722 | D:6      | 3722 ||| INVOKING Spit Poison.
  3746 | D:6      | 3746 ||| READING scroll of enchant weapon.
  3746 | D:6      | 3746 ||| ENCHANTING +1 heavy shortbow.
  3751 | D:6      | 3751 ||| INVOKING Spit Poison.
  3754 | D:6      | Reached skill level 1 in Invocations
  3765 | D:6      | 3765 ||| INVOKING Heroism.
  3766 | D:6      | 3766 ||| Stepping ~*~*~tactically~*~*~ (outnumbered).
  3767 | D:6      | 3767 ||| INVOKING Spit Poison.
  3773 | D:6      | 3773 ||| INVOKING Spit Poison.
  3930 | D:6      | 3930 ||| INVOKING Spit Poison.
  3953 | D:6      | 3953 ||| INVOKING Spit Poison.
  3957 | D:6      | 3957 ||| INVOKING Spit Poison.
  3981 | D:6      | 3981 ||| INVOKING Spit Poison.
  3984 | D:6      | 3984 ||| INVOKING Spit Poison.
  4018 | D:6      | Identified the +1 robe of Syndicalism {Dex+3 SInv}
  4081 | D:6      | 4081 ||| INVOKING Spit Poison.
  4084 | D:6      | 4084 ||| INVOKING Spit Poison.
  4135 | D:6      | Identified the +0 leather armour of Hopscotch {*Corrode
                  | rElec Str+2}
  4166 | D:6      | Noticed Blork the orc
  4167 | D:6      | 4167 ||| INVOKING Heroism.
  4168 | D:6      | 4168 ||| INVOKING Spit Poison.
  4170 | D:6      | Killed Blork the orc
  4171 | D:6      | Reached skill level 3 in Invocations
  4279 | D:6      | 4279 ||| INVOKING Spit Poison.
  4282 | D:6      | 4282 ||| INVOKING Spit Poison.
  4434 | D:6      | 4434 ||| DROPPING +0 leather armour of Hopscotch {*Corrode
                  | rElec Str+2}.
  4435 | D:6      | 4435 ||| UPGRADING to +0 helmet.
  4480 | D:7      | 4480 ||| INVOKING Spit Poison.
  4499 | D:7      | 4499 ||| INVOKING Heroism.
  4501 | D:7      | 4501 ||| INVOKING Spit Poison.
  4504 | D:7      | Reached skill level 9 in Ranged Weapons
  4504 | D:7      | Reached XP level 9. HP: 81/81 MP: 8/11
  4528 | D:7      | 4528 ||| INVOKING Spit Poison.
  4531 | D:7      | 4531 ||| INVOKING Spit Poison.
  4612 | D:7      | 4612 ||| INVOKING Spit Poison.
  4615 | D:7      | Reached ** piety under Okawaru
  4616 | D:7      | Reached skill level 3 in Dodging
  4648 | D:7      | 4648 ||| INVOKING Spit Poison.
  4649 | D:7      | 4649 ||| INVOKING Spit Poison.
  4653 | D:7      | 4653 ||| INVOKING Spit Poison.
  4657 | D:7      | 4657 ||| INVOKING Spit Poison.
  4659 | D:7      | 4659 ||| INVOKING Heroism.
  4879 | D:7      | 4879 ||| INVOKING Spit Poison.
  4895 | D:7      | Found a glowing silver altar of Zin.
  4936 | D:7      | 4936 ||| UPGRADING to ring of protection from cold.
  4937 | D:7      | 4937 ||| READING scroll labelled ZADAADGH SUDWE.
  4967 | D:8      | 4967 ||| INVOKING Spit Poison.
  4969 | D:8      | Reached skill level 6 in Fighting
  5232 | D:8      | 5232 ||| INVOKING Spit Poison.
  5238 | D:8      | 5238 ||| INVOKING Spit Poison.
  5241 | D:8      | 5241 ||| INVOKING Spit Poison.
  5242 | D:8      | Reached skill level 10 in Ranged Weapons
  5244 | D:8      | 5244 ||| INVOKING Spit Poison.
  5247 | D:8      | 5247 ||| INVOKING Spit Poison.
  5321 | D:8      | Reached *** piety under Okawaru
  5327 | D:8      | Reached XP level 10. HP: 93/94 MP: 13/13
  5417 | D:8      | Found a shadowy altar of Dithmenos.
  5438 | D:8      | 5438 ||| INVOKING Spit Poison.
  5444 | D:8      | 5444 ||| INVOKING Spit Poison.
  5520 | D:8      | 5520 ||| INVOKING Spit Poison.
  5523 | D:8      | 5523 ||| INVOKING Heroism.
  5820 | D:8      | 5820 ||| INVOKING Spit Poison.
  5865 | D:8      | 5865 ||| UPGRADING to ring of positive energy.
  5866 | D:8      | 5866 ||| READING 2 scrolls labelled MIERURURIO.
  5867 | D:8      | 5867 ||| DRINKING 2 smoky black potions.
  5868 | D:8      | 5868 ||| DROPPING potion of degeneration.
  5869 | D:8      | 5869 ||| DROPPING scroll of summoning.
  5899 | D:9      | 5899 ||| INVOKING Spit Poison.
  5914 | D:9      | 5914 ||| INVOKING Spit Poison.
  6001 | D:9      | 6001 ||| INVOKING Spit Poison.
  6039 | D:9      | 6039 ||| INVOKING Spit Poison.
  6042 | D:9      | Reached skill level 11 in Ranged Weapons
  6044 | D:9      | 6044 ||| INVOKING Spit Poison.
  6049 | D:9      | 6049 ||| INVOKING Spit Poison.
  6055 | D:9      | 6055 ||| INVOKING Spit Poison.
  6058 | D:9      | 6058 ||| INVOKING Heroism.
  6061 | D:9      | 6061 ||| INVOKING Spit Poison.
  6064 | D:9      | 6064 ||| INVOKING Spit Poison.
  6070 | D:9      | 6070 ||| INVOKING Spit Poison.
  6071 | D:9      | Reached **** piety under Okawaru
  6231 | D:9      | 6231 ||| INVOKING Spit Poison.
  6235 | D:9      | Noticed a two-headed ogre
  6236 | D:9      | 6236 ||| INVOKING Heroism.
  6238 | D:9      | 6238 ||| INVOKING Spit Poison.
  6242 | D:9      | 6242 ||| INVOKING Spit Poison.
  6242 | D:9      | Killed a two-headed ogre
  6319 | D:9      | Noticed a rakshasa
  6333 | D:9      | 6333 ||| INVOKING Heroism.
  6345 | D:9      | HP: 15/96 [rakshasa/lance of force (29)]
  6345 | D:9      | HP: 1/96 [rock wall collision (14)]
  6346 | D:9      | 6346 ||| READING 16 scrolls of teleportation.
  6347 | D:9      | 6347 ||| DRINKING 2 potions of heal wounds.
  6348 | D:9      | 6348 ||| DRINKING potion of heal wounds.
  6506 | D:9      | 6506 ||| INVOKING Spit Poison.
  6549 | D:9      | 6549 ||| INVOKING Heroism.
  6597 | D:9      | 6597 ||| INVOKING Heroism.
  6599 | D:9      | HP: 15/96 [rakshasa/+0 trident (13)]
  6600 | D:9      | 6600 ||| READING 15 scrolls of teleportation.
  6601 | D:9      | Killed from afar by a rakshasa

Levels and vault maps discovered:
D:1:      minmay_arrival_diagonal_passages, layout_loops_ring, serial_shops,
          nicolae_diamond_shop
D:2:      layout_basic, uniq_jessica
D:3:      kennysheep_the_goblin_king, layout_basic, uniq_natasha
D:4:      layout_rooms, lightli_sewer_entry_pipes
D:5:      layout_gridville, gammafunk_temple_overflow_elements,
          gammafunk_temple_overflow_pools, minmay_temple_entry_junction,
          dreamdust_gnoll_farm
D:6:      layout_loops_ring, uniq_blork_the_orc
D:7:      layout_rooms, mainiacjoe_overflow_surrounded_room,
          minmay_misc_feat_rugged, serial_park_tiny_pond, minivault_27
D:8:      layout_layer_cave, lemuel_tele_altar
D:9:      layout_loops_ring
Temple:   nicolae_temple_elliptical

Skill      XL: |  1  2  3  4  5  6  7  8  9 10 |
---------------+-------------------------------+-----
Ranged Weapons | 4 5 6 7 9 10 11 | 11.2
Fighting       | 3 4 5 7 8 |  8.0
Dodging        | 2 3 4 |  4.5
Armour         | 1 2 |  2.4
Invocations    | 3 4 |  4.3
Stealth        | |  1.5

Action                     |  1- 3 |  4- 6 |  7- 9 | 10-12 || total
---------------------------+-------+-------+-------+-------++-------
   Fire: Shortbow          |    48 |    81 |   191 |   102 ||   422
 Invoke: Heroism           |       |       |     5 |     6 ||    11
Ability: Spit Poison       |    28 |    32 |    66 |    18 ||   144
    Use: Scroll            |     5 |    10 |     9 |     3 ||    27
         Potion            |       |     1 |     2 |     3 ||     6
 Armour: Leather armour    |     7 |    16 |    54 |    28 ||   105
  Dodge: Dodged            |     8 |    21 |    77 |    40 ||   146

Table legend:
 A = Non-vault XP
 B = Vault XP
 C = Vault XP percentage of total XP
 D = Non-vault monster count
 E = Vault monster count
 F = Vault count percentage of total count
                 A         B        C        D         E       F
            +---------+---------+-------+---------+---------+-------
      Total |    7528 |     448 |   5.6 |     173 |      33 |  16.0
            +---------+---------+-------+---------+---------+-------
        D:1 |      41 |       0 |   0.0 |      25 |       0 |   0.0
        D:2 |      45 |      37 |  45.1 |      15 |       1 |   6.2
        D:3 |      30 |      48 |  61.5 |      12 |       8 |  40.0
        D:4 |     589 |      57 |   8.8 |      22 |       8 |  26.7
        D:5 |     494 |     132 |  21.1 |      21 |       5 |  19.2
        D:6 |     569 |      94 |  14.2 |      17 |       1 |   5.6
        D:7 |     883 |       0 |   0.0 |      15 |       0 |   0.0
        D:8 |    1972 |       0 |   0.0 |      24 |       0 |   0.0
        D:9 |    2905 |       0 |   0.0 |      22 |       0 |   0.0
      Sewer |       0 |      80 | 100.0 |       0 |      10 | 100.0
            +---------+---------+-------+---------+---------+-------
